[ PARTIDA AOE2 · #464406751 ]
Team RMMalíes vs Bulgarians
[ ANÁLISIS DE REPETICIÓN · EXTRAÍDO DE LA PARTIDA GRABADA ]
Feudal
14:25
Castillos
22:59
Imperial
40:06
| APM promedio | 23.7 |
| APM pico | 55 |
| eAPM promedio | 12.3 |
| Aldeanos / militares | 140 / 101 |
Foco
⚔️ 27.8% · 🌾 72.2%
Camel Scout ×52 · Knight ×45 · Fishing Ship ×8 · Scout Cavalry ×4
Feudal
13:19
Castillos
21:30
Imperial
—
| APM promedio | 23.6 |
| APM pico | 47 |
| eAPM promedio | 12.3 |
| Aldeanos / militares | 119 / 31 |
Foco
⚔️ 22.5% · 🌾 77.5%
Knight ×16 · Monk ×6 · Scout Cavalry ×5 · Spearman ×4
Feudal
13:44
Castillos
26:11
Imperial
—
| APM promedio | 37.4 |
| APM pico | 78 |
| eAPM promedio | 16.9 |
| Aldeanos / militares | 104 / 60 |
Foco
⚔️ 24.6% · 🌾 75.4%
Archer ×36 · Militia ×22 · Fishing Ship ×13 · Spearman ×2
Feudal
14:10
Castillos
29:10
Imperial
—
| APM promedio | 26.9 |
| APM pico | 65 |
| eAPM promedio | 15.8 |
| Aldeanos / militares | 226 / 142 |
Foco
⚔️ 25.0% · 🌾 75.0%
Knight ×142
Feudal
14:27
Castillos
18:01
Imperial
40:15
| APM promedio | 41.1 |
| APM pico | 84 |
| eAPM promedio | 17.9 |
| Aldeanos / militares | 119 / 1 |
Foco
⚔️ 38.9% · 🌾 61.1%
Unknown (1944) ×94 · Fishing Ship ×16 · Unknown (2626) ×3 · Spearman ×1
Feudal
—
Castillos
—
Imperial
—
| APM promedio | 27.4 |
| APM pico | 60 |
| eAPM promedio | 15.3 |
| Aldeanos / militares | 123 / 43 |
Foco
⚔️ 20.7% · 🌾 79.3%
Conquistador ×41 · Fishing Ship ×8 · Knight ×2
Feudal
16:42
Castillos
21:02
Imperial
37:50
| APM promedio | 30.7 |
| APM pico | 54 |
| eAPM promedio | 21.5 |
| Aldeanos / militares | 145 / 9 |
Foco
⚔️ 21.7% · 🌾 78.3%
Unknown (2579) ×42 · Unknown (2550) ×14 · Fishing Ship ×10 · Spearman ×7 · Galley ×1 · Fire Galley ×1
Feudal
13:24
Castillos
28:02
Imperial
—
| APM promedio | 41.3 |
| APM pico | 74 |
| eAPM promedio | 23.1 |
| Aldeanos / militares | 107 / 37 |
Foco
⚔️ 26.4% · 🌾 73.6%
Spearman ×18 · Scout Cavalry ×12 · Knight ×7 · Fishing Ship ×5
Mapa de la partida
Recursos iniciales + cada clic de construcción. Líneas = muros · curvas = relieve. ◆ oro · ⬟ piedra · ● bayas · ✦ reliquia · ◌ hueco del cierre
Tu base· Abierta — flanco sin cerrar
Base de Oxuso· Abierta — flanco sin cerrar
Base de Franjin· Abierta — flanco sin cerrar
Base de 新手村天幕星· Abierta — flanco sin cerrar
Base de felixaleman1010· Abierta — flanco sin cerrar
Base de ken4403· Abierta — flanco sin cerrar
Base de Lyon28· Abierta — flanco sin cerrar
Base de Legolitas· Abierta — flanco sin cerrar
Terreno inicial suavizado · ◌ = hueco del cierre detectado · pasá el cursor para detalles
Inputs por minuto
— Gnbanyani - - Oxuso
Build order — Gnbanyani
Primeras 150 de 278 acciones detectadas
| 1:16 | Construir | Town Center |
| 2:49 | Crear | Villager (Male) |
| 2:49 | Crear | Villager (Male) |
| 2:49 | Crear | Villager (Male) |
| 2:50 | Crear | Villager (Male) |
| 2:50 | Crear | Villager (Male) |
| 3:20 | Construir | Dock |
| 3:29 | Construir | House |
| 3:35 | Investigar | Loom |
| 3:35 | Crear | Villager (Male) ×3 |
| 3:35 | Crear | Villager (Male) ×3 |
| 4:57 | Crear | Villager (Male) |
| 4:57 | Crear | Villager (Male) |
| 5:19 | Crear | Fishing Ship |
| 5:25 | Construir | House |
| 5:32 | Crear | Villager (Male) |
| 6:28 | Crear | Villager (Male) |
| 6:28 | Crear | Villager (Male) |
| 6:33 | Crear | Fishing Ship |
| 6:33 | Crear | Fishing Ship |
| 6:54 | Crear | Villager (Male) |
| 7:19 | Crear | Villager (Male) |
| 7:19 | Crear | Villager (Male) |
| 7:20 | Crear | Fishing Ship |
| 7:30 | Construir | House |
| 7:52 | Crear | Villager (Male) |
| 7:52 | Crear | Villager (Male) |
| 8:08 | Crear | Fishing Ship |
| 8:17 | Construir | House |
| 8:44 | Crear | Villager (Male) |
| 8:45 | Crear | Villager (Male) |
| 8:45 | Crear | Villager (Male) |
| 8:47 | Crear | Fishing Ship |
| 8:47 | Crear | Fishing Ship |
| 9:11 | Construir | House |
| 9:45 | Crear | Villager (Male) |
| 9:56 | Construir | Mill |
| 10:13 | Crear | Villager (Male) |
| 10:13 | Crear | Villager (Male) |
| 10:14 | Crear | Villager (Male) |
| 10:14 | Crear | Villager (Male) |
| 10:25 | Construir | House |
| 10:56 | Construir | Mill |
| 11:34 | Crear | Fishing Ship |
| 12:01 | Investigar | Feudal Age |
| 12:12 | Construir | Barracks |
| 12:30 | Construir | House |
| 12:32 | Construir | House |
| 12:47 | Construir | Lumber Camp |
| 13:06 | Crear | Villager (Male) |
| 13:06 | Crear | Villager (Male) |
| 13:55 | Construir | Mining Camp |
| 14:25 | Edad | Edad Feudal |
| 14:28 | Construir | Stable |
| 14:31 | Crear | Villager (Male) |
| 14:36 | Investigar | Horse Collar |
| 14:39 | Investigar | Double-Bit Axe |
| 14:56 | Investigar | Tech 906 |
| 15:17 | Crear | Villager (Male) |
| 15:22 | Crear | Scout Cavalry |
| 15:22 | Crear | Scout Cavalry |
| 15:23 | Crear | Scout Cavalry |
| 15:23 | Crear | Scout Cavalry |
| 15:36 | Construir | Palisade Wall |
| 15:41 | Construir | Palisade Wall |
| 15:44 | Crear | Villager (Male) |
| 15:44 | Crear | Villager (Male) |
| 16:10 | Construir | Farm |
| 16:20 | Construir | Farm |
| 16:23 | Construir | Farm |
| 16:27 | Construir | Farm |
| 16:31 | Construir | Farm |
| 16:38 | Crear | Villager (Male) |
| 16:45 | Investigar | Gold Mining |
| 16:51 | Investigar | Bloodlines |
| 17:07 | Construir | Mill |
| 17:16 | Crear | Villager (Male) |
| 17:17 | Crear | Villager (Male) |
| 17:27 | Construir | Blacksmith |
| 17:40 | Crear | Villager (Male) |
| 18:00 | Crear | Villager (Male) |
| 18:14 | Investigar | Wheelbarrow |
| 18:17 | Construir | House |
| 18:20 | Construir | House |
| 18:31 | Crear | Villager (Male) |
| 18:31 | Crear | Villager (Male) |
| 18:35 | Investigar | Forging |
| 18:43 | Construir | Farm |
| 18:47 | Construir | Farm |
| 19:28 | Crear | Villager (Male) |
| 19:28 | Crear | Villager (Male) |
| 19:57 | Crear | Villager (Male) |
| 19:57 | Crear | Villager (Male) |
| 20:07 | Investigar | Castle Age |
| 20:36 | Construir | House |
| 20:38 | Investigar | Town Watch |
| 21:01 | Construir | Mill |
| 21:44 | Construir | House |
| 22:24 | Construir | Mining Camp |
| 22:59 | Edad | Edad de los Castillos |
| 23:03 | Crear | Camel Scout |
| 23:03 | Crear | Camel Scout |
| 23:03 | Crear | Camel Scout |
| 23:24 | Crear | Villager (Male) |
| 23:24 | Crear | Villager (Male) |
| 23:31 | Construir | Town Center |
| 23:35 | Construir | Town Center |
| 23:42 | Crear | Camel Scout |
| 23:43 | Crear | Camel Scout |
| 23:45 | Crear | Villager (Male) |
| 23:48 | Investigar | Hand Cart |
| 24:20 | Crear | Camel Scout |
| 24:20 | Crear | Camel Scout |
| 24:43 | Investigar | Husbandry |
| 24:52 | Investigar | Scale Barding Armor |
| 25:08 | Crear | Villager (Male) |
| 25:18 | Crear | Villager (Male) |
| 25:19 | Crear | Villager (Male) |
| 25:19 | Crear | Villager (Male) |
| 25:19 | Crear | Villager (Male) |
| 25:21 | Crear | Villager (Male) ×5 |
| 25:21 | Crear | Villager (Male) ×5 |
| 25:21 | Crear | Villager (Male) ×5 |
| 25:22 | Crear | Villager (Male) ×5 |
| 25:36 | Construir | Farm |
| 25:38 | Construir | Farm |
| 25:47 | Investigar | Bow Saw |
| 26:43 | Construir | Farm |
| 26:44 | Construir | Farm |
| 26:44 | Construir | Farm |
| 26:46 | Construir | Farm |
| 27:18 | Crear | Knight |
| 27:18 | Crear | Knight |
| 27:23 | Crear | Villager (Male) |
| 27:24 | Crear | Villager (Male) |
| 27:25 | Crear | Villager (Male) |
| 27:25 | Crear | Villager (Male) |
| 27:26 | Crear | Villager (Male) |
| 27:29 | Crear | Knight |
| 27:29 | Crear | Knight |
| 27:37 | Investigar | Heavy Plow |
| 28:05 | Investigar | Chain Barding Armor |
| 28:14 | Crear | Villager (Male) |
| 28:15 | Crear | Villager (Male) |
| 28:15 | Crear | Villager (Male) |
| 29:07 | Crear | Knight |
| 29:07 | Crear | Knight |
| 29:07 | Crear | Villager (Male) |
| 29:08 | Crear | Villager (Male) |
| 29:08 | Crear | Villager (Male) |
Build order — Oxuso
Primeras 150 de 255 acciones detectadas
| 1:36 | Construir | Town Center |
| 2:30 | Construir | House |
| 2:49 | Construir | House |
| 3:24 | Crear | Villager (Male) |
| 3:25 | Crear | Villager (Male) |
| 3:25 | Crear | Villager (Male) |
| 3:25 | Crear | Villager (Male) |
| 4:32 | Crear | Villager (Male) |
| 4:57 | Crear | Villager (Male) |
| 5:59 | Crear | Villager (Male) |
| 6:08 | Construir | Lumber Camp |
| 6:16 | Crear | Villager (Male) |
| 6:29 | Crear | Villager (Male) |
| 7:17 | Crear | Villager (Male) |
| 7:17 | Crear | Villager (Male) |
| 7:24 | Construir | Mill |
| 7:44 | Crear | Villager (Male) |
| 7:54 | Crear | Villager (Male) |
| 8:16 | Construir | House |
| 8:22 | Investigar | Loom |
| 8:53 | Crear | Villager (Male) |
| 8:55 | Crear | Villager (Male) |
| 9:28 | Crear | Villager (Male) |
| 10:07 | Crear | Villager (Male) |
| 10:31 | Crear | Villager (Male) |
| 10:48 | Crear | Villager (Male) |
| 11:09 | Investigar | Feudal Age |
| 11:21 | Construir | House |
| 11:22 | Construir | House |
| 12:00 | Construir | Mining Camp |
| 13:04 | Construir | Mill |
| 13:19 | Edad | Edad Feudal |
| 13:21 | Crear | Villager (Male) |
| 13:28 | Construir | Blacksmith |
| 13:36 | Crear | Villager (Male) |
| 14:06 | Construir | Market |
| 14:08 | Crear | Villager (Male) |
| 14:26 | Crear | Villager (Male) |
| 14:54 | Construir | Lumber Camp |
| 14:58 | Crear | Villager (Male) |
| 15:15 | Investigar | Double-Bit Axe |
| 15:24 | Construir | House |
| 15:30 | Crear | Villager (Male) |
| 15:39 | Construir | Farm |
| 15:43 | Crear | Villager (Male) |
| 15:57 | Construir | Farm |
| 16:08 | Construir | Farm |
| 16:12 | Crear | Villager (Male) |
| 16:33 | Construir | House |
| 16:47 | Construir | Farm |
| 16:53 | Construir | Barracks |
| 16:57 | Crear | Villager (Male) |
| 17:09 | Construir | Farm |
| 17:20 | Construir | Farm |
| 17:25 | Crear | Villager (Male) |
| 17:53 | Construir | Farm |
| 17:54 | Crear | Villager (Male) |
| 18:21 | Crear | Villager (Male) |
| 18:51 | Investigar | Castle Age |
| 18:58 | Construir | Stable |
| 19:07 | Crear | Spearman |
| 19:13 | Construir | House |
| 19:16 | Construir | Building 800 |
| 19:37 | Construir | House |
| 19:43 | Crear | Spearman |
| 19:59 | Construir | Building 800 |
| 20:08 | Construir | House |
| 20:20 | Crear | Villager (Male) |
| 21:07 | Construir | House |
| 21:24 | Construir | Mining Camp |
| 21:30 | Edad | Edad de los Castillos |
| 21:32 | Crear | Villager (Male) |
| 21:40 | Construir | Town Center |
| 21:43 | Crear | Knight |
| 21:44 | Crear | Knight |
| 22:22 | Crear | Knight |
| 22:46 | Crear | Villager (Male) |
| 22:46 | Crear | Villager (Male) |
| 23:16 | Construir | Farm |
| 23:16 | Construir | Farm |
| 23:17 | Construir | Farm |
| 23:17 | Construir | Farm |
| 23:17 | Construir | Farm |
| 23:17 | Construir | Farm |
| 23:17 | Construir | Farm |
| 23:18 | Construir | Farm |
| 23:18 | Construir | Farm |
| 23:38 | Crear | Villager (Male) |
| 23:38 | Crear | Villager (Male) |
| 24:00 | Crear | Villager (Male) |
| 24:00 | Crear | Villager (Male) |
| 24:20 | Crear | Villager (Male) |
| 24:33 | Construir | Farm |
| 24:36 | Construir | Farm |
| 24:39 | Construir | Farm |
| 24:42 | Construir | Farm |
| 24:44 | Crear | Villager (Male) |
| 24:44 | Crear | Villager (Male) |
| 25:07 | Crear | Villager (Male) |
| 25:07 | Crear | Villager (Male) |
| 25:14 | Crear | Villager (Male) |
| 25:15 | Crear | Villager (Male) |
| 25:30 | Crear | Villager (Male) |
| 25:39 | Crear | Villager (Male) |
| 25:54 | Investigar | Wheelbarrow |
| 26:00 | Crear | Knight |
| 26:00 | Crear | Knight |
| 26:02 | Crear | Villager (Male) |
| 26:10 | Crear | Villager (Male) |
| 26:10 | Crear | Villager (Male) |
| 26:16 | Construir | Farm |
| 26:26 | Crear | Villager (Male) |
| 26:27 | Crear | Villager (Male) |
| 26:33 | Construir | Farm |
| 26:45 | Crear | Knight |
| 26:57 | Investigar | Forging |
| 27:14 | Construir | Farm |
| 27:15 | Construir | Farm |
| 27:20 | Crear | Villager (Male) |
| 27:20 | Crear | Villager (Male) |
| 27:46 | Crear | Villager (Male) |
| 27:47 | Crear | Villager (Male) |
| 27:47 | Crear | Villager (Male) |
| 27:47 | Crear | Villager (Male) |
| 28:15 | Investigar | Husbandry |
| 28:17 | Crear | Villager (Male) |
| 28:17 | Crear | Villager (Male) |
| 28:18 | Crear | Villager (Male) |
| 28:31 | Crear | Knight |
| 28:31 | Crear | Knight |
| 29:09 | Crear | Villager (Male) |
| 29:09 | Crear | Villager (Male) |
| 29:13 | Construir | Archery Range |
| 29:20 | Crear | Spearman |
| 29:20 | Crear | Spearman |
| 29:49 | Construir | Castle |
| 29:51 | Crear | Villager (Male) |
| 29:51 | Crear | Villager (Male) |
| 29:54 | Crear | Villager (Male) |
| 29:55 | Crear | Villager (Male) |
| 30:13 | Construir | Farm |
| 30:24 | Crear | Knight |
| 30:24 | Crear | Knight |
| 30:27 | Crear | Villager (Male) |
| 30:36 | Crear | Villager (Male) |
| 30:44 | Construir | Stable |
| 30:49 | Construir | Stable |
| 30:51 | Construir | Farm |
| 30:52 | Construir | Farm |
| 31:09 | Crear | Knight |
Build order — Franjin
Primeras 150 de 280 acciones detectadas
| 1:17 | Construir | Dock |
| 1:42 | Construir | Town Center |
| 2:09 | Construir | House |
| 3:37 | Crear | Villager (Male) |
| 3:37 | Crear | Villager (Male) |
| 3:37 | Crear | Villager (Male) |
| 3:38 | Crear | Villager (Male) |
| 4:36 | Crear | Villager (Male) |
| 4:36 | Crear | Villager (Male) |
| 5:00 | Crear | Fishing Ship |
| 5:01 | Crear | Fishing Ship |
| 5:19 | Construir | House |
| 5:47 | Investigar | Loom |
| 5:47 | Investigar | Loom |
| 6:06 | Crear | Fishing Ship |
| 6:06 | Crear | Fishing Ship |
| 6:11 | Crear | Villager (Male) |
| 6:11 | Crear | Villager (Male) |
| 6:42 | Crear | Villager (Male) |
| 6:42 | Crear | Villager (Male) |
| 6:47 | Construir | House |
| 7:06 | Crear | Fishing Ship |
| 7:06 | Crear | Fishing Ship |
| 7:08 | Crear | Villager (Male) |
| 7:08 | Crear | Villager (Male) |
| 7:30 | Crear | Villager (Male) |
| 7:31 | Crear | Villager (Male) |
| 7:54 | Crear | Villager (Male) |
| 8:02 | Construir | House |
| 8:22 | Crear | Villager (Male) |
| 8:23 | Crear | Villager (Male) |
| 8:26 | Crear | Fishing Ship |
| 8:45 | Crear | Villager (Male) |
| 9:07 | Crear | Villager (Male) |
| 9:08 | Crear | Villager (Male) |
| 9:24 | Construir | House |
| 9:28 | Crear | Fishing Ship |
| 9:30 | Crear | Villager (Male) |
| 9:49 | Crear | Villager (Male) |
| 9:57 | Construir | Palisade Wall |
| 10:32 | Crear | Villager (Male) |
| 10:53 | Construir | Mill |
| 10:57 | Crear | Villager (Male) |
| 11:02 | Crear | Villager (Male) |
| 11:06 | Construir | Mining Camp |
| 11:29 | Crear | Villager (Male) |
| 11:34 | Investigar | Feudal Age |
| 11:54 | Construir | Barracks |
| 12:39 | Construir | House |
| 13:14 | Construir | Barracks |
| 13:18 | Crear | Militia |
| 13:19 | Crear | Militia |
| 13:21 | Crear | Militia |
| 13:35 | Construir | House |
| 13:44 | Edad | Edad Feudal |
| 13:44 | Crear | Militia |
| 14:09 | Investigar | Man-at-Arms (upgrade) |
| 14:10 | Crear | Militia |
| 14:23 | Crear | Militia |
| 14:30 | Crear | Villager (Male) |
| 14:30 | Crear | Villager (Male) |
| 14:31 | Crear | Villager (Male) |
| 14:40 | Crear | Militia |
| 14:48 | Crear | Villager (Male) |
| 14:53 | Construir | Blacksmith |
| 14:58 | Crear | Militia |
| 14:59 | Crear | Militia |
| 15:03 | Crear | Villager (Male) |
| 15:12 | Crear | Militia |
| 15:34 | Investigar | Arson |
| 15:34 | Investigar | Arson |
| 15:39 | Crear | Villager (Male) |
| 15:43 | Construir | House |
| 15:58 | Crear | Militia |
| 15:58 | Crear | Militia |
| 16:20 | Construir | House |
| 16:33 | Investigar | Scale Mail Armor |
| 16:33 | Investigar | Scale Mail Armor |
| 16:33 | Investigar | Scale Mail Armor |
| 16:42 | Crear | Militia |
| 17:13 | Crear | Militia |
| 17:20 | Crear | Villager (Male) |
| 17:24 | Construir | Lumber Camp |
| 17:31 | Crear | Villager (Male) |
| 17:47 | Construir | Farm |
| 18:04 | Crear | Militia |
| 18:05 | Crear | Militia |
| 18:10 | Crear | Villager (Male) |
| 18:18 | Construir | House |
| 18:27 | Crear | Villager (Male) |
| 18:36 | Construir | Farm |
| 18:43 | Construir | Farm |
| 18:45 | Crear | Villager (Male) |
| 18:49 | Construir | House |
| 19:03 | Crear | Militia |
| 19:05 | Crear | Militia |
| 19:21 | Construir | House |
| 19:37 | Construir | Mining Camp |
| 19:38 | Crear | Villager (Male) |
| 19:49 | Crear | Militia |
| 19:50 | Crear | Militia |
| 20:04 | Crear | Villager (Male) |
| 20:20 | Construir | Farm |
| 20:22 | Crear | Villager (Male) |
| 20:39 | Investigar | Tech 906 |
| 20:39 | Investigar | Tech 906 |
| 20:45 | Crear | Militia |
| 20:45 | Crear | Militia |
| 21:04 | Crear | Villager (Male) |
| 21:25 | Crear | Villager (Male) |
| 21:46 | Construir | Building 487 |
| 22:03 | Construir | Mill |
| 22:05 | Crear | Villager (Male) |
| 22:15 | Construir | Watch Tower |
| 22:24 | Construir | Watch Tower |
| 22:56 | Construir | Market |
| 22:59 | Crear | Villager (Male) |
| 22:59 | Crear | Villager (Male) |
| 23:11 | Construir | House |
| 23:14 | Construir | Palisade Wall |
| 23:30 | Investigar | Castle Age |
| 23:30 | Investigar | Castle Age |
| 23:42 | Construir | Palisade Wall |
| 23:53 | Construir | Archery Range |
| 23:59 | Investigar | Fletching |
| 23:59 | Investigar | Fletching |
| 24:16 | Crear | Spearman |
| 24:16 | Crear | Spearman |
| 24:44 | Construir | Fish Trap |
| 24:45 | Construir | Fish Trap |
| 24:45 | Construir | Fish Trap |
| 25:01 | Crear | Archer |
| 25:05 | Construir | Archery Range |
| 25:22 | Investigar | Double-Bit Axe |
| 25:22 | Investigar | Double-Bit Axe |
| 25:24 | Investigar | Horse Collar |
| 25:24 | Investigar | Horse Collar |
| 25:35 | Crear | Archer |
| 25:48 | Crear | Villager (Male) |
| 25:56 | Investigar | Padded Archer Armor |
| 25:57 | Investigar | Padded Archer Armor |
| 26:01 | Crear | Archer |
| 26:06 | Crear | Villager (Male) |
| 26:11 | Edad | Edad de los Castillos |
| 26:22 | Construir | Town Center |
| 26:41 | Investigar | Crossbowman (upgrade) |
| 26:42 | Investigar | Crossbowman (upgrade) |
| 26:46 | Crear | Villager (Male) |
| 26:57 | Crear | Villager (Male) |
| 27:11 | Crear | Villager (Male) |
Build order — 新手村天幕星
Primeras 150 de 380 acciones detectadas
| 2:45 | Construir | Town Center |
| 3:49 | Construir | House |
| 3:50 | Construir | House |
| 3:52 | Construir | House |
| 4:23 | Crear | Villager (Male) ×4 |
| 4:23 | Crear | Villager (Male) ×4 |
| 4:34 | Construir | House |
| 5:49 | Crear | Villager (Male) |
| 5:49 | Crear | Villager (Male) |
| 6:35 | Crear | Villager (Male) |
| 6:35 | Crear | Villager (Male) |
| 6:50 | Construir | Mill |
| 7:09 | Crear | Villager (Male) |
| 7:09 | Crear | Villager (Male) |
| 7:50 | Crear | Villager (Male) |
| 7:50 | Crear | Villager (Male) |
| 8:10 | Crear | Villager (Male) |
| 8:10 | Crear | Villager (Male) |
| 8:24 | Crear | Villager (Male) |
| 8:24 | Crear | Villager (Male) |
| 9:01 | Crear | Villager (Male) |
| 9:01 | Crear | Villager (Male) |
| 9:14 | Construir | House |
| 9:19 | Construir | House |
| 9:20 | Construir | House |
| 9:24 | Crear | Villager (Male) |
| 9:25 | Crear | Villager (Male) |
| 9:46 | Crear | Villager (Male) |
| 9:46 | Crear | Villager (Male) |
| 9:46 | Crear | Villager (Male) |
| 9:47 | Crear | Villager (Male) |
| 10:35 | Crear | Villager (Male) |
| 10:35 | Crear | Villager (Male) |
| 10:36 | Crear | Villager (Male) |
| 11:01 | Construir | Lumber Camp |
| 11:59 | Investigar | Feudal Age |
| 12:59 | Crear | Villager (Male) |
| 12:59 | Crear | Villager (Male) |
| 13:00 | Crear | Villager (Male) |
| 13:40 | Construir | Mill |
| 13:52 | Crear | Villager (Male) |
| 13:52 | Crear | Villager (Male) |
| 13:53 | Crear | Villager (Male) |
| 14:10 | Edad | Edad Feudal |
| 14:21 | Construir | Town Center |
| 14:27 | Crear | Villager (Male) |
| 15:53 | Crear | Villager (Male) |
| 15:53 | Crear | Villager (Male) |
| 15:53 | Crear | Villager (Male) |
| 16:27 | Crear | Villager (Male) ×2 |
| 16:27 | Crear | Villager (Male) ×2 |
| 16:27 | Crear | Villager (Male) |
| 16:46 | Crear | Villager (Male) |
| 16:47 | Crear | Villager (Male) |
| 16:51 | Investigar | Horse Collar |
| 16:52 | Investigar | Horse Collar |
| 17:05 | Crear | Villager (Male) |
| 17:05 | Crear | Villager (Male) |
| 17:05 | Crear | Villager (Male) |
| 17:06 | Crear | Villager (Male) |
| 17:16 | Crear | Villager (Male) |
| 17:16 | Crear | Villager (Male) |
| 17:17 | Crear | Villager (Male) |
| 17:23 | Construir | Farm |
| 17:23 | Construir | Farm |
| 17:23 | Construir | Farm |
| 17:24 | Construir | Farm |
| 17:24 | Construir | Farm |
| 17:24 | Construir | Farm |
| 17:24 | Construir | Farm |
| 17:25 | Construir | Farm |
| 17:25 | Construir | Farm |
| 17:25 | Construir | Farm |
| 17:25 | Construir | Farm |
| 17:26 | Construir | Farm |
| 17:26 | Construir | Farm |
| 17:26 | Construir | Farm |
| 17:26 | Construir | Farm |
| 17:27 | Construir | Farm |
| 17:45 | Crear | Villager (Male) ×4 |
| 17:45 | Crear | Villager (Male) ×4 |
| 17:54 | Construir | House |
| 17:55 | Construir | House |
| 18:03 | Crear | Villager (Male) |
| 18:03 | Crear | Villager (Male) |
| 18:03 | Crear | Villager (Male) |
| 18:04 | Crear | Villager (Male) |
| 18:04 | Crear | Villager (Male) |
| 18:30 | Construir | Lumber Camp |
| 18:36 | Crear | Villager (Male) |
| 18:36 | Crear | Villager (Male) |
| 18:37 | Crear | Villager (Male) |
| 18:37 | Crear | Villager (Male) |
| 18:38 | Crear | Villager (Male) |
| 19:03 | Construir | Farm |
| 19:04 | Construir | Farm |
| 19:04 | Construir | Farm |
| 19:05 | Construir | Farm |
| 19:05 | Construir | Farm |
| 19:05 | Construir | Farm |
| 19:05 | Construir | Farm |
| 19:06 | Construir | Farm |
| 19:06 | Construir | Farm |
| 19:06 | Construir | Farm |
| 19:11 | Construir | Farm |
| 19:11 | Construir | Farm |
| 19:14 | Construir | Farm |
| 19:17 | Crear | Villager (Male) |
| 19:17 | Crear | Villager (Male) |
| 19:18 | Crear | Villager (Male) |
| 19:18 | Crear | Villager (Male) |
| 19:36 | Construir | House |
| 19:38 | Construir | House |
| 19:40 | Construir | House |
| 19:42 | Construir | House |
| 19:43 | Construir | House |
| 19:59 | Crear | Villager (Male) |
| 20:00 | Crear | Villager (Male) |
| 20:07 | Investigar | Double-Bit Axe |
| 20:18 | Investigar | Loom |
| 20:25 | Crear | Villager (Male) |
| 20:26 | Crear | Villager (Male) |
| 20:33 | Construir | Farm |
| 20:33 | Construir | Farm |
| 20:33 | Construir | Farm |
| 20:33 | Construir | Farm |
| 20:34 | Construir | Farm |
| 20:34 | Construir | Farm |
| 20:34 | Construir | Farm |
| 20:35 | Construir | Farm |
| 20:35 | Construir | Farm |
| 20:35 | Construir | Farm |
| 21:01 | Construir | Mill |
| 21:12 | Crear | Villager (Male) |
| 21:12 | Crear | Villager (Male) |
| 21:12 | Crear | Villager (Male) |
| 21:12 | Crear | Villager (Male) |
| 21:13 | Crear | Villager (Male) |
| 21:13 | Crear | Villager (Male) |
| 21:13 | Crear | Villager (Male) |
| 21:13 | Crear | Villager (Male) |
| 21:14 | Crear | Villager (Male) |
| 21:36 | Construir | Barracks |
| 21:59 | Construir | House |
| 22:04 | Construir | House |
| 22:08 | Crear | Villager (Male) |
| 22:15 | Construir | Mining Camp |
| 23:48 | Crear | Villager (Male) |
| 23:48 | Crear | Villager (Male) |
| 23:48 | Crear | Villager (Male) |
Build order — felixaleman1010
Primeras 150 de 351 acciones detectadas
| 1:06 | Construir | Town Center |
| 1:19 | Construir | House |
| 1:22 | Construir | Dock |
| 2:54 | Crear | Villager (Male) |
| 2:54 | Crear | Villager (Male) |
| 2:54 | Crear | Villager (Male) |
| 2:54 | Crear | Villager (Male) |
| 2:55 | Crear | Villager (Male) |
| 2:55 | Crear | Villager (Male) |
| 3:55 | Crear | Fishing Ship |
| 3:56 | Crear | Fishing Ship |
| 3:56 | Crear | Fishing Ship |
| 4:14 | Construir | House |
| 4:23 | Investigar | Loom |
| 5:03 | Crear | Villager (Male) |
| 5:03 | Crear | Villager (Male) |
| 5:03 | Crear | Villager (Male) |
| 5:37 | Crear | Villager (Male) |
| 5:37 | Crear | Villager (Male) |
| 5:51 | Crear | Villager (Male) |
| 5:51 | Crear | Villager (Male) |
| 5:51 | Crear | Villager (Male) |
| 5:57 | Crear | Fishing Ship |
| 5:58 | Crear | Fishing Ship |
| 5:58 | Crear | Fishing Ship |
| 6:04 | Construir | House |
| 6:22 | Crear | Villager (Male) |
| 6:22 | Crear | Villager (Male) |
| 6:24 | Crear | Villager (Male) |
| 6:24 | Crear | Villager (Male) |
| 7:05 | Construir | House |
| 7:09 | Crear | Villager (Male) |
| 7:10 | Crear | Villager (Male) |
| 7:17 | Crear | Fishing Ship |
| 7:18 | Crear | Fishing Ship |
| 7:18 | Crear | Fishing Ship |
| 7:27 | Crear | Villager (Male) |
| 7:28 | Crear | Villager (Male) |
| 7:28 | Crear | Villager (Male) |
| 7:50 | Crear | Villager (Male) |
| 7:50 | Crear | Villager (Male) |
| 7:56 | Crear | Fishing Ship |
| 7:56 | Crear | Fishing Ship |
| 8:12 | Crear | Villager (Male) |
| 8:12 | Crear | Villager (Male) |
| 8:12 | Crear | Villager (Male) |
| 8:33 | Crear | Villager (Male) |
| 8:34 | Crear | Villager (Male) |
| 8:34 | Crear | Villager (Male) |
| 8:46 | Crear | Villager (Male) |
| 8:46 | Crear | Villager (Male) |
| 8:46 | Crear | Villager (Male) |
| 8:48 | Crear | Fishing Ship |
| 8:48 | Crear | Fishing Ship |
| 8:55 | Construir | House |
| 9:12 | Crear | Villager (Male) |
| 9:12 | Crear | Villager (Male) |
| 9:14 | Construir | House |
| 9:33 | Crear | Villager (Male) |
| 9:33 | Crear | Villager (Male) |
| 10:03 | Crear | Villager (Male) |
| 10:04 | Crear | Villager (Male) |
| 10:04 | Crear | Villager (Male) |
| 10:04 | Crear | Villager (Male) |
| 10:04 | Crear | Villager (Male) |
| 10:05 | Crear | Villager (Male) |
| 10:18 | Crear | Fishing Ship |
| 10:18 | Crear | Fishing Ship |
| 10:18 | Crear | Fishing Ship |
| 11:12 | Construir | Mill |
| 11:44 | Construir | Mining Camp |
| 11:49 | Investigar | Feudal Age |
| 12:22 | Construir | House |
| 12:37 | Construir | Lumber Camp |
| 13:36 | Crear | Villager (Male) |
| 13:36 | Crear | Villager (Male) |
| 14:27 | Edad | Edad Feudal |
| 14:29 | Construir | Market |
| 14:31 | Construir | Blacksmith |
| 15:06 | Construir | Mining Camp |
| 15:18 | Construir | Mill |
| 15:21 | Investigar | Castle Age |
| 15:41 | Crear | Unit 2626 |
| 15:42 | Crear | Unit 2626 |
| 15:42 | Crear | Unit 2626 |
| 16:12 | Investigar | Double-Bit Axe |
| 16:14 | Investigar | Horse Collar |
| 16:26 | Investigar | Scale Barding Armor |
| 16:26 | Investigar | Forging |
| 17:02 | Construir | Barracks |
| 17:23 | Crear | Villager (Male) |
| 17:24 | Crear | Villager (Male) |
| 17:34 | Construir | House |
| 17:39 | Construir | House |
| 17:45 | Investigar | Gold Mining |
| 18:01 | Edad | Edad de los Castillos |
| 18:09 | Crear | Villager (Male) |
| 18:09 | Crear | Villager (Male) |
| 18:13 | Construir | Stable |
| 18:39 | Investigar | Chain Barding Armor |
| 18:39 | Investigar | Iron Casting |
| 18:46 | Investigar | Iron Casting |
| 18:46 | Investigar | Iron Casting |
| 18:47 | Investigar | Iron Casting |
| 18:54 | Construir | Stable |
| 19:03 | Crear | Villager (Male) |
| 19:03 | Crear | Villager (Male) |
| 19:21 | Crear | Unit 1944 |
| 19:21 | Crear | Unit 1944 |
| 19:21 | Crear | Unit 1944 |
| 19:48 | Crear | Unit 1944 |
| 19:48 | Crear | Unit 1944 |
| 19:50 | Crear | Villager (Male) |
| 19:50 | Crear | Villager (Male) |
| 19:56 | Construir | Town Center |
| 20:04 | Construir | Stable |
| 20:10 | Crear | Villager (Male) |
| 20:10 | Crear | Villager (Male) |
| 20:10 | Crear | Villager (Male) |
| 20:17 | Construir | Farm |
| 20:17 | Construir | Farm |
| 20:18 | Construir | Farm |
| 20:18 | Construir | Farm |
| 20:18 | Construir | Farm |
| 20:18 | Construir | Farm |
| 20:36 | Construir | Farm |
| 20:36 | Construir | Farm |
| 20:36 | Construir | Farm |
| 20:36 | Construir | Farm |
| 20:36 | Construir | Farm |
| 20:37 | Construir | Farm |
| 20:41 | Crear | Villager (Male) |
| 20:41 | Crear | Villager (Male) |
| 20:42 | Crear | Villager (Male) |
| 20:42 | Crear | Villager (Male) |
| 20:42 | Crear | Villager (Male) |
| 20:51 | Crear | Unit 1944 |
| 20:51 | Crear | Unit 1944 |
| 20:51 | Crear | Unit 1944 |
| 21:28 | Construir | Mill |
| 21:39 | Crear | Villager (Male) |
| 21:39 | Crear | Villager (Male) |
| 21:40 | Crear | Villager (Male) |
| 21:40 | Investigar | Wheelbarrow |
| 21:52 | Crear | Unit 1944 |
| 21:52 | Crear | Unit 1944 |
| 22:29 | Crear | Villager (Male) |
| 22:29 | Crear | Villager (Male) |
| 22:30 | Crear | Villager (Male) |
| 22:30 | Crear | Villager (Male) |
Build order — ken4403
Primeras 150 de 298 acciones detectadas
| 1:17 | Construir | Town Center |
| 2:38 | Construir | House |
| 2:53 | Crear | Villager (Male) |
| 2:54 | Crear | Villager (Male) |
| 2:54 | Crear | Villager (Male) |
| 2:54 | Crear | Villager (Male) |
| 2:54 | Crear | Villager (Male) |
| 3:37 | Construir | Dock |
| 4:05 | Construir | House |
| 4:27 | Investigar | Loom |
| 4:52 | Crear | Fishing Ship |
| 5:06 | Crear | Villager (Male) |
| 5:07 | Crear | Villager (Male) |
| 5:33 | Crear | Villager (Male) |
| 5:33 | Crear | Villager (Male) |
| 5:42 | Construir | House |
| 6:14 | Crear | Villager (Male) |
| 6:15 | Crear | Villager (Male) |
| 6:16 | Crear | Fishing Ship |
| 6:51 | Crear | Villager (Male) |
| 6:52 | Crear | Villager (Male) |
| 7:05 | Crear | Fishing Ship |
| 7:13 | Crear | Villager (Male) |
| 7:14 | Crear | Villager (Male) |
| 7:22 | Construir | House |
| 7:33 | Crear | Villager (Male) |
| 7:33 | Crear | Villager (Male) |
| 7:58 | Crear | Villager (Male) |
| 7:58 | Crear | Villager (Male) |
| 8:02 | Crear | Fishing Ship |
| 8:18 | Crear | Villager (Male) |
| 8:29 | Crear | Fishing Ship |
| 8:40 | Construir | House |
| 8:52 | Crear | Villager (Male) |
| 8:59 | Crear | Villager (Male) |
| 9:15 | Crear | Fishing Ship |
| 9:17 | Crear | Villager (Male) |
| 9:40 | Crear | Villager (Male) |
| 9:42 | Crear | Fishing Ship |
| 10:08 | Crear | Fishing Ship |
| 10:13 | Construir | House |
| 10:17 | Crear | Villager (Male) |
| 10:21 | Crear | Villager (Male) |
| 10:23 | Crear | Villager (Male) |
| 10:51 | Construir | Mill |
| 11:38 | Investigar | Feudal Age |
| 12:22 | Construir | Mining Camp |
| 12:32 | Crear | Villager (Male) |
| 12:32 | Crear | Villager (Male) |
| 14:08 | Construir | Market |
| 14:11 | Construir | Blacksmith |
| 14:52 | Investigar | Castle Age |
| 14:52 | Investigar | Castle Age |
| 15:22 | Construir | Lumber Camp |
| 15:50 | Investigar | Double-Bit Axe |
| 16:00 | Construir | House |
| 16:15 | Construir | House |
| 16:22 | Construir | House |
| 16:25 | Construir | Palisade Wall |
| 16:40 | Investigar | Town Watch |
| 16:45 | Crear | Villager (Male) |
| 16:46 | Crear | Villager (Male) |
| 16:50 | Investigar | Horse Collar |
| 17:37 | Crear | Villager (Male) |
| 17:39 | Construir | Castle |
| 17:51 | Investigar | Bow Saw |
| 18:02 | Crear | Villager (Male) |
| 18:47 | Crear | Conquistador |
| 18:48 | Crear | Conquistador |
| 18:48 | Crear | Conquistador |
| 18:55 | Investigar | Wheelbarrow |
| 19:00 | Crear | Villager (Male) |
| 19:13 | Crear | Villager (Male) |
| 19:13 | Crear | Conquistador |
| 19:22 | Crear | Conquistador |
| 19:30 | Crear | Villager (Male) |
| 19:37 | Construir | Mill |
| 19:51 | Crear | Villager (Male) |
| 19:52 | Crear | Conquistador |
| 20:17 | Crear | Villager (Male) |
| 20:18 | Crear | Conquistador |
| 20:27 | Construir | Town Center |
| 21:02 | Crear | Villager (Male) |
| 21:03 | Crear | Conquistador |
| 21:40 | Crear | Villager (Male) |
| 22:05 | Crear | Conquistador |
| 22:14 | Crear | Villager (Male) |
| 22:17 | Construir | Town Center |
| 22:42 | Crear | Villager (Male) |
| 22:42 | Crear | Villager (Male) |
| 22:43 | Crear | Conquistador |
| 22:52 | Crear | Conquistador |
| 23:24 | Crear | Villager (Male) |
| 23:24 | Crear | Villager (Male) |
| 23:25 | Crear | Conquistador |
| 23:47 | Crear | Villager (Male) |
| 23:48 | Crear | Villager (Male) |
| 23:48 | Crear | Conquistador |
| 24:15 | Crear | Villager (Male) |
| 24:15 | Crear | Villager (Male) |
| 24:16 | Crear | Conquistador |
| 24:39 | Crear | Villager (Male) |
| 24:49 | Crear | Villager (Male) |
| 24:50 | Crear | Villager (Male) |
| 24:58 | Construir | Farm |
| 24:59 | Construir | Farm |
| 25:01 | Construir | Farm |
| 25:02 | Construir | Farm |
| 25:04 | Construir | Farm |
| 25:07 | Investigar | Horse Collar |
| 25:14 | Crear | Conquistador |
| 25:14 | Crear | Conquistador |
| 25:18 | Crear | Villager (Male) |
| 25:18 | Crear | Villager (Male) |
| 25:18 | Crear | Villager (Male) |
| 25:27 | Construir | Mill |
| 25:37 | Construir | Farm |
| 25:37 | Construir | Farm |
| 25:37 | Construir | Farm |
| 25:37 | Construir | Farm |
| 25:38 | Construir | Farm |
| 25:38 | Construir | Farm |
| 25:41 | Construir | Farm |
| 25:42 | Construir | Farm |
| 25:42 | Construir | Farm |
| 25:42 | Construir | Farm |
| 25:52 | Crear | Villager (Male) |
| 25:52 | Crear | Conquistador |
| 26:06 | Construir | House |
| 26:07 | Construir | House |
| 26:07 | Construir | House |
| 26:07 | Construir | House |
| 26:08 | Construir | House |
| 26:08 | Construir | House |
| 26:16 | Crear | Villager (Male) |
| 26:16 | Crear | Villager (Male) |
| 26:16 | Crear | Villager (Male) |
| 26:17 | Crear | Conquistador |
| 26:45 | Crear | Conquistador |
| 27:05 | Crear | Villager (Male) |
| 27:05 | Crear | Villager (Male) |
| 27:14 | Crear | Villager (Male) |
| 27:14 | Crear | Villager (Male) |
| 27:15 | Crear | Conquistador |
| 27:46 | Crear | Conquistador |
| 27:49 | Crear | Villager (Male) |
| 27:49 | Crear | Villager (Male) |
| 27:49 | Crear | Villager (Male) |
| 27:49 | Crear | Villager (Male) |
| 27:49 | Crear | Villager (Male) |
Build order — Lyon28
Primeras 150 de 362 acciones detectadas
| 0:57 | Construir | Dock |
| 1:17 | Construir | Town Center |
| 1:26 | Construir | House |
| 3:04 | Crear | Villager (Male) |
| 3:04 | Crear | Villager (Male) |
| 3:04 | Crear | Villager (Male) |
| 3:04 | Crear | Villager (Male) |
| 3:05 | Crear | Villager (Male) |
| 3:41 | Crear | Fishing Ship |
| 3:41 | Crear | Fishing Ship |
| 4:24 | Crear | Fishing Ship |
| 4:42 | Construir | House |
| 4:48 | Investigar | Loom |
| 5:20 | Construir | House |
| 5:37 | Crear | Fishing Ship |
| 5:51 | Crear | Villager (Male) |
| 5:52 | Crear | Villager (Male) |
| 5:52 | Crear | Villager (Male) |
| 6:38 | Crear | Villager (Male) |
| 6:39 | Crear | Villager (Male) |
| 6:53 | Crear | Fishing Ship |
| 6:54 | Crear | Fishing Ship |
| 7:19 | Crear | Fishing Ship |
| 7:20 | Crear | Villager (Male) |
| 7:21 | Crear | Villager (Male) |
| 7:29 | Crear | Villager (Male) |
| 7:45 | Crear | Fishing Ship |
| 7:59 | Crear | Villager (Male) |
| 8:00 | Crear | Villager (Male) |
| 8:39 | Construir | House |
| 8:40 | Crear | Villager (Male) |
| 8:46 | Crear | Fishing Ship |
| 9:10 | Construir | House |
| 9:18 | Crear | Villager (Male) |
| 9:19 | Crear | Villager (Male) |
| 9:21 | Crear | Fishing Ship |
| 9:36 | Crear | Villager (Male) |
| 10:02 | Crear | Villager (Male) |
| 10:22 | Construir | Barracks |
| 10:26 | Crear | Villager (Male) |
| 10:43 | Crear | Villager (Male) |
| 11:20 | Crear | Unit 2550 |
| 11:25 | Crear | Unit 2550 |
| 11:29 | Crear | Villager (Male) |
| 12:01 | Construir | Settlement |
| 12:11 | Construir | House |
| 12:18 | Crear | Villager (Male) |
| 12:30 | Crear | Villager (Male) |
| 12:43 | Crear | Unit 2550 |
| 12:57 | Crear | Villager (Male) |
| 13:02 | Crear | Villager (Male) |
| 13:36 | Construir | Settlement |
| 13:49 | Crear | Villager (Male) |
| 13:50 | Investigar | Feudal Age |
| 13:54 | Crear | Unit 2550 |
| 15:02 | Crear | Unit 2550 |
| 15:23 | Construir | Farm |
| 15:25 | Construir | Farm |
| 15:26 | Construir | Farm |
| 15:39 | Construir | Farm |
| 15:45 | Crear | Unit 2550 |
| 15:49 | Crear | Villager (Male) |
| 16:37 | Crear | Unit 2550 |
| 16:39 | Crear | Villager (Male) |
| 16:42 | Edad | Edad Feudal |
| 16:48 | Construir | Blacksmith |
| 16:52 | Construir | Market |
| 16:56 | Crear | Villager (Male) |
| 17:12 | Construir | Barracks |
| 17:16 | Construir | House |
| 17:29 | Crear | Villager (Male) |
| 17:36 | Investigar | Arson |
| 17:36 | Investigar | Arson |
| 18:08 | Investigar | Castle Age |
| 18:25 | Construir | Farm |
| 18:34 | Investigar | Tech 1402 |
| 18:34 | Investigar | Tech 1402 |
| 18:56 | Crear | Unit 2550 |
| 18:59 | Crear | Unit 2550 |
| 19:13 | Crear | Unit 2550 |
| 19:31 | Investigar | Forging |
| 19:31 | Investigar | Forging |
| 19:51 | Investigar | Double-Bit Axe |
| 19:51 | Investigar | Double-Bit Axe |
| 19:57 | Investigar | Gold Mining |
| 19:58 | Investigar | Gold Mining |
| 20:36 | Crear | Unit 2550 |
| 20:36 | Crear | Unit 2550 |
| 20:37 | Crear | Unit 2550 |
| 20:38 | Crear | Unit 2550 |
| 20:55 | Crear | Villager (Male) |
| 21:02 | Edad | Edad de los Castillos |
| 21:13 | Construir | Town Center |
| 21:16 | Crear | Villager (Male) |
| 21:17 | Crear | Villager (Male) |
| 21:29 | Construir | Town Center |
| 22:06 | Crear | Villager (Male) |
| 22:07 | Crear | Villager (Male) |
| 22:08 | Crear | Villager (Male) |
| 22:21 | Crear | Villager (Male) |
| 22:26 | Construir | Farm |
| 22:26 | Construir | Farm |
| 22:27 | Construir | Farm |
| 22:27 | Construir | Farm |
| 22:45 | Crear | Villager (Male) |
| 23:00 | Crear | Villager (Male) |
| 23:14 | Crear | Galley |
| 23:26 | Crear | Fire Galley |
| 23:29 | Crear | Villager (Male) |
| 23:30 | Crear | Villager (Male) |
| 23:31 | Crear | Villager (Male) |
| 23:31 | Crear | Villager (Male) |
| 23:41 | Crear | Villager (Male) |
| 23:52 | Crear | Villager (Male) |
| 23:53 | Crear | Villager (Male) |
| 24:06 | Construir | Town Center |
| 24:11 | Crear | Villager (Male) |
| 24:12 | Crear | Villager (Male) |
| 24:13 | Crear | Villager (Male) |
| 24:15 | Crear | Villager (Male) |
| 24:30 | Crear | Villager (Male) |
| 24:34 | Crear | Villager (Male) |
| 24:48 | Crear | Villager (Male) |
| 25:16 | Crear | Villager (Male) |
| 25:17 | Crear | Villager (Male) |
| 25:18 | Crear | Villager (Male) |
| 25:43 | Construir | House |
| 25:47 | Crear | Villager (Male) |
| 25:48 | Crear | Villager (Male) |
| 25:49 | Crear | Villager (Male) |
| 25:52 | Construir | House |
| 25:54 | Construir | House |
| 25:55 | Construir | House |
| 26:08 | Crear | Villager (Male) |
| 26:09 | Crear | Villager (Male) |
| 26:10 | Crear | Villager (Male) |
| 26:28 | Crear | Villager (Male) |
| 26:29 | Crear | Villager (Male) |
| 26:29 | Crear | Villager (Male) |
| 26:30 | Crear | Villager (Male) |
| 26:41 | Crear | Spearman |
| 26:43 | Crear | Spearman |
| 26:49 | Crear | Villager (Male) |
| 27:06 | Crear | Villager (Male) |
| 27:18 | Crear | Villager (Male) |
| 27:18 | Crear | Villager (Male) |
| 27:19 | Crear | Villager (Male) |
| 27:19 | Crear | Villager (Male) |
| 27:24 | Crear | Villager (Male) |
| 27:29 | Construir | Farm |
Build order — Legolitas
Primeras 150 de 266 acciones detectadas
| 0:42 | Construir | Dock |
| 1:18 | Construir | Town Center |
| 2:27 | Construir | House |
| 3:05 | Crear | Villager (Male) |
| 3:05 | Crear | Villager (Male) |
| 3:06 | Crear | Villager (Male) |
| 3:06 | Crear | Villager (Male) |
| 3:07 | Crear | Villager (Male) |
| 3:07 | Crear | Villager (Male) |
| 4:22 | Crear | Villager (Male) |
| 4:22 | Crear | Villager (Male) |
| 4:38 | Crear | Villager (Male) |
| 4:38 | Crear | Villager (Male) |
| 5:34 | Investigar | Loom |
| 5:38 | Construir | House |
| 5:55 | Crear | Villager (Male) |
| 5:55 | Crear | Villager (Male) |
| 5:55 | Crear | Villager (Male) |
| 6:20 | Crear | Fishing Ship |
| 6:20 | Crear | Fishing Ship |
| 6:20 | Crear | Fishing Ship |
| 6:33 | Construir | House |
| 6:37 | Construir | House |
| 6:45 | Crear | Villager (Male) |
| 6:45 | Crear | Villager (Male) |
| 6:45 | Crear | Villager (Male) |
| 7:09 | Crear | Villager (Male) |
| 7:09 | Crear | Villager (Male) |
| 7:09 | Crear | Villager (Male) |
| 7:33 | Crear | Villager (Male) |
| 7:33 | Crear | Villager (Male) |
| 7:51 | Crear | Fishing Ship |
| 8:04 | Construir | House |
| 8:15 | Crear | Villager (Male) |
| 8:15 | Crear | Villager (Male) |
| 8:15 | Crear | Villager (Male) |
| 8:28 | Crear | Fishing Ship |
| 8:42 | Crear | Villager (Male) |
| 8:42 | Crear | Villager (Male) |
| 8:42 | Crear | Villager (Male) |
| 8:42 | Crear | Villager (Male) |
| 8:54 | Crear | Villager (Male) |
| 8:54 | Crear | Villager (Male) |
| 9:27 | Construir | Mill |
| 9:30 | Crear | Villager (Male) |
| 9:35 | Construir | House |
| 9:59 | Construir | House |
| 10:58 | Crear | Villager (Male) |
| 11:03 | Construir | Lumber Camp |
| 11:12 | Investigar | Feudal Age |
| 11:12 | Investigar | Feudal Age |
| 11:12 | Investigar | Feudal Age |
| 11:54 | Crear | Villager (Male) |
| 11:54 | Crear | Villager (Male) |
| 11:54 | Crear | Villager (Male) |
| 11:54 | Crear | Villager (Male) |
| 11:54 | Crear | Villager (Male) |
| 11:55 | Crear | Villager (Male) |
| 11:55 | Crear | Villager (Male) |
| 11:55 | Crear | Villager (Male) |
| 12:01 | Construir | Barracks |
| 13:24 | Edad | Edad Feudal |
| 13:26 | Construir | Stable |
| 13:28 | Investigar | Double-Bit Axe |
| 14:18 | Construir | Blacksmith |
| 14:25 | Crear | Scout Cavalry |
| 14:49 | Investigar | Scale Barding Armor |
| 14:49 | Investigar | Scale Barding Armor |
| 14:51 | Crear | Villager (Male) |
| 15:01 | Crear | Scout Cavalry |
| 15:13 | Investigar | Forging |
| 15:16 | Crear | Villager (Male) |
| 15:37 | Crear | Scout Cavalry |
| 15:59 | Crear | Scout Cavalry |
| 16:11 | Construir | Stable |
| 16:44 | Crear | Scout Cavalry |
| 16:48 | Construir | House |
| 17:25 | Crear | Scout Cavalry |
| 17:28 | Construir | Farm |
| 17:30 | Construir | Farm |
| 17:39 | Crear | Scout Cavalry |
| 17:46 | Construir | House |
| 17:54 | Construir | House |
| 18:06 | Crear | Villager (Male) |
| 18:07 | Crear | Villager (Male) |
| 18:33 | Construir | House |
| 18:37 | Construir | Farm |
| 19:03 | Construir | Farm |
| 19:46 | Investigar | Wheelbarrow |
| 19:49 | Crear | Scout Cavalry |
| 20:22 | Crear | Scout Cavalry |
| 20:44 | Construir | Mill |
| 20:46 | Construir | Farm |
| 20:47 | Construir | Farm |
| 20:48 | Construir | Farm |
| 20:49 | Construir | Farm |
| 20:50 | Construir | Farm |
| 20:59 | Construir | Lumber Camp |
| 21:11 | Construir | Mining Camp |
| 21:15 | Crear | Villager (Male) |
| 21:15 | Crear | Villager (Male) |
| 21:22 | Crear | Scout Cavalry |
| 21:34 | Crear | Scout Cavalry |
| 22:10 | Investigar | Fletching |
| 22:10 | Investigar | Fletching |
| 22:13 | Crear | Villager (Male) |
| 22:14 | Crear | Villager (Male) |
| 23:02 | Crear | Villager (Male) |
| 23:09 | Construir | House |
| 23:13 | Construir | House |
| 23:18 | Crear | Scout Cavalry |
| 23:25 | Construir | House |
| 23:52 | Crear | Villager (Male) |
| 23:52 | Crear | Villager (Male) |
| 24:03 | Construir | Lumber Camp |
| 24:35 | Crear | Villager (Male) |
| 25:22 | Investigar | Castle Age |
| 25:22 | Investigar | Castle Age |
| 26:17 | Construir | Farm |
| 26:30 | Construir | Mill |
| 26:32 | Construir | Farm |
| 26:32 | Construir | Farm |
| 26:33 | Construir | Farm |
| 26:34 | Construir | Farm |
| 26:36 | Investigar | Horse Collar |
| 26:36 | Investigar | Horse Collar |
| 26:53 | Investigar | Bloodlines |
| 27:28 | Construir | Mining Camp |
| 27:37 | Investigar | Stone Mining |
| 27:37 | Investigar | Stone Mining |
| 27:49 | Crear | Villager (Male) |
| 27:49 | Crear | Villager (Male) |
| 27:52 | Construir | Farm |
| 28:02 | Edad | Edad de los Castillos |
| 28:06 | Investigar | Chain Barding Armor |
| 28:06 | Investigar | Chain Barding Armor |
| 28:09 | Crear | Knight |
| 28:29 | Construir | Town Center |
| 28:39 | Construir | Town Center |
| 28:52 | Crear | Villager (Male) |
| 28:52 | Crear | Villager (Male) |
| 28:56 | Investigar | Bow Saw |
| 28:56 | Investigar | Bow Saw |
| 28:59 | Investigar | Heavy Plow |
| 29:00 | Investigar | Heavy Plow |
| 29:08 | Crear | Knight |
| 29:15 | Investigar | Husbandry |
| 29:15 | Investigar | Husbandry |
| 29:28 | Crear | Knight |
| 29:43 | Construir | Farm |
Cronología de la partida
| 0:42 | Legolitas · first_building Dock |
| 0:57 | Lyon28 · first_building Dock |
| 1:17 | Franjin · first_building Dock |
| 1:22 | felixaleman1010 · first_building Dock |
| 3:20 | Gnbanyani · first_building Dock |
| 3:37 | ken4403 · first_building Dock |
| 9:57 | Franjin · wall_segment Palisade Wall x1 |
| 10:22 | Lyon28 · first_building Barracks |
| 11:54 | Franjin · first_building Barracks |
| 12:01 | Legolitas · first_building Barracks |
| 12:12 | Gnbanyani · first_building Barracks |
| 13:19 | Oxuso · age_up feudal |
| 13:24 | Legolitas · age_up feudal |
| 13:26 | Legolitas · first_building Stable |
| 13:44 | Franjin · age_up feudal |
| 14:10 | 新手村天幕星 · age_up feudal |
| 14:25 | Gnbanyani · age_up feudal |
| 14:27 | felixaleman1010 · age_up feudal |
| 14:28 | Gnbanyani · first_building Stable |
| 15:36 | Gnbanyani · wall_segment Palisade Wall x1 |
| 15:41 | Gnbanyani · wall_segment Palisade Wall x3 |
| 16:25 | ken4403 · wall_segment Palisade Wall x4 |
| 16:42 | Lyon28 · age_up feudal |
| 16:53 | Oxuso · first_building Barracks |
| 17:02 | felixaleman1010 · first_building Barracks |
| 17:39 | ken4403 · first_building Castle |
| 18:01 | felixaleman1010 · age_up castle |
| 18:13 | felixaleman1010 · first_building Stable |
| 18:58 | Oxuso · first_building Stable |
| 21:02 | Lyon28 · age_up castle |
| 21:30 | Oxuso · age_up castle |
| 21:36 | 新手村天幕星 · first_building Barracks |
| 22:59 | Gnbanyani · age_up castle |
| 23:14 | Franjin · wall_segment Palisade Wall x1 |
| 23:42 | Franjin · wall_segment Palisade Wall x1 |
| 23:49 | Lyon28 · first_market_buy 100 stone |
| 23:53 | Franjin · first_building Archery Range |
| 24:39 | 新手村天幕星 · first_building Stable |
| 25:50 | Oxuso · first_market_sell 100 wood |
| 25:51 | Oxuso · first_market_buy 100 food |
| 26:11 | Franjin · age_up castle |
| 26:48 | 新手村天幕星 · wall_segment Palisade Wall x14 |
| 28:02 | Legolitas · age_up castle |
| 29:10 | 新手村天幕星 · age_up castle |
| 29:13 | Oxuso · first_building Archery Range |
| 29:27 | Lyon28 · first_building Castle |
| 29:34 | Gnbanyani · first_building Castle |
| 29:49 | Oxuso · first_building Castle |
| 30:11 | ken4403 · first_building Barracks |
| 30:26 | felixaleman1010 · first_building Monastery |
| 30:40 | Lyon28 · wall_segment Stone Wall x9 |
| 31:01 | ken4403 · first_building Stable |
| 31:21 | Franjin · first_building Castle |
| 31:53 | Oxuso · first_building Monastery |
| 34:05 | Lyon28 · wall_segment Stone Wall x8 |
| 34:12 | ken4403 · first_market_sell 100 food |
| 34:19 | felixaleman1010 · first_building Castle |
| 34:30 | felixaleman1010 · first_market_sell 500 food |
| 34:47 | Legolitas · first_building Castle |
| 35:31 | Gnbanyani · wall_segment Palisade Wall x1 |
| 36:29 | Lyon28 · wall_segment Stone Wall x9 |
| 37:50 | Lyon28 · age_up imperial |
| 38:19 | Lyon28 · first_market_sell 100 food |
| 40:06 | Gnbanyani · age_up imperial |
| 40:15 | felixaleman1010 · age_up imperial |
| 40:22 | ken4403 · resign |
| 40:26 | felixaleman1010 · first_market_buy 100 food |
[ ANÁLISIS IA · 1 CRÉDITO ]
¿Qué pasó realmente en esta partida?
Wolo.gg analiza cada decisión: build order, eco, micro, errores típicos por bracket. Análisis personalizado por WhatsApp o Discord en 30 segundos.
Guía civ
Malíes
Guía mapa
Graupel
Perfil
Gnbanyani